[ AOE2 MATCH · #478077721 ]
Team RMMongols vs Khmer
[ REPLAY ANALYSIS · EXTRACTED FROM THE RECORDED GAME ]
Feudal
14:57
Castle
20:40
Imperial
51:35
| APM avg | 24.3 |
| APM peak | 60 |
| eAPM avg | 12.7 |
| Villagers / military | 125 / 82 |
Focus
⚔️ 25.2% · 🌾 74.8%
Steppe Lancer ×68 · Camel Scout ×11 · Mangonel ×2 · Scout Cavalry ×1
Feudal
16:44
Castle
23:33
Imperial
49:23
| APM avg | 10.3 |
| APM peak | 27 |
| eAPM avg | 8.4 |
| Villagers / military | 157 / 54 |
Focus
⚔️ 21.4% · 🌾 78.6%
Spearman ×21 · Scout Cavalry ×20 · Mangonel ×11 · Militia ×2
Feudal
—
Castle
—
Imperial
—
| APM avg | 14.0 |
| APM peak | 62 |
| eAPM avg | 8.9 |
| Villagers / military | 111 / 102 |
Focus
⚔️ 23.5% · 🌾 76.5%
Knight ×84 · Scout Cavalry ×14 · Serjeant ×2 · Trebuchet (Packed) ×2
Feudal
17:28
Castle
47:29
Imperial
—
| APM avg | 6.7 |
| APM peak | 21 |
| eAPM avg | 5.9 |
| Villagers / military | 66 / 10 |
Focus
⚔️ 30.8% · 🌾 69.2%
Spearman ×10
Feudal
13:27
Castle
26:42
Imperial
45:55
| APM avg | 34.8 |
| APM peak | 58 |
| eAPM avg | 15.3 |
| Villagers / military | 106 / 87 |
Focus
⚔️ 20.7% · 🌾 79.3%
Teutonic Knight ×48 · Mangonel ×12 · Knight ×9 · Battering Ram ×9 · Scout Cavalry ×5 · Monk ×2
Feudal
15:59
Castle
22:30
Imperial
44:13
| APM avg | 22.7 |
| APM peak | 51 |
| eAPM avg | 15.5 |
| Villagers / military | 160 / 178 |
Focus
⚔️ 29.9% · 🌾 70.1%
Scorpion ×99 · Spearman ×76 · Trebuchet (Packed) ×3
Feudal
—
Castle
—
Imperial
—
| APM avg | 24.4 |
| APM peak | 72 |
| eAPM avg | 16.2 |
| Villagers / military | 90 / 292 |
Focus
⚔️ 42.5% · 🌾 57.5%
Chu Ko Nu ×123 · Spearman ×75 · Scout Cavalry ×60 · Scorpion ×13 · Knight ×9 · Battering Ram ×8
Feudal
12:41
Castle
23:54
Imperial
35:31
| APM avg | 31.9 |
| APM peak | 64 |
| eAPM avg | 15.3 |
| Villagers / military | 103 / 256 |
Focus
⚔️ 29.4% · 🌾 70.6%
Kamayuk ×143 · Skirmisher ×100 · Trade Cart ×17 · Mangonel ×12 · Fishing Ship ×3 · Monk ×1
Match map
Initial resources + every placement click. Lines = walls · curves = elevation contours. ◆ gold · ⬟ stone · ● berries · ✦ relic · ◌ wall gap
Your base· Open — unwalled flank
BIZONADE's base· Open — unwalled flank
WhiteKong420906's base· Open — 2t gap
cooperobryan45's base· Open — 10t gap
TheDukeofWrenches's base· Open — 7t gap
KKony's base· Open — unwalled flank
jonasbmas's base· Open — unwalled flank
fjk's base· Open — unwalled flank
Smoothed initial terrain · ◌ = detected wall gap · hover for details
Inputs per minute
— Shaci - - BIZONADE
Build order — Shaci
First 150 of 286 actions detected
| 0:44 | Build | Town Center |
| 2:56 | Build | House |
| 2:59 | Build | House |
| 3:14 | Create | Villager (Male) ×4 |
| 3:31 | Research | Loom |
| 3:32 | Create | Villager (Male) |
| 3:33 | Create | Villager (Male) |
| 4:20 | Create | Villager (Male) |
| 4:20 | Create | Villager (Male) |
| 5:10 | Create | Villager (Male) |
| 5:10 | Create | Villager (Male) |
| 5:46 | Create | Villager (Male) |
| 5:46 | Create | Villager (Male) |
| 6:25 | Create | Villager (Male) |
| 6:25 | Create | Villager (Male) |
| 7:01 | Create | Villager (Male) |
| 7:01 | Create | Villager (Male) |
| 7:02 | Create | Villager (Male) |
| 7:44 | Create | Villager (Male) |
| 7:44 | Create | Villager (Male) |
| 7:45 | Create | Villager (Male) |
| 7:56 | Create | Villager (Male) |
| 8:39 | Create | Villager (Male) |
| 8:40 | Create | Villager (Male) |
| 8:40 | Create | Villager (Male) |
| 8:45 | Build | House |
| 9:31 | Build | House |
| 10:42 | Build | Mill |
| 10:55 | Create | Villager (Male) |
| 10:56 | Create | Villager (Male) |
| 12:32 | Build | Lumber Camp |
| 12:47 | Research | Feudal Age |
| 13:18 | Build | Barracks |
| 14:27 | Build | Mill |
| 14:57 | Age | Feudal Age |
| 15:02 | Build | Blacksmith |
| 15:15 | Build | Stable |
| 15:23 | Create | Villager (Male) |
| 15:23 | Create | Villager (Male) |
| 15:24 | Create | Villager (Male) |
| 16:11 | Build | Stable |
| 16:34 | Create | Scout Cavalry |
| 17:08 | Build | House |
| 17:09 | Build | House |
| 18:00 | Research | Castle Age |
| 19:34 | Research | Bloodlines |
| 20:13 | Research | Forging |
| 20:40 | Age | Castle Age |
| 20:42 | Create | Steppe Lancer |
| 20:42 | Create | Steppe Lancer |
| 20:43 | Create | Steppe Lancer |
| 20:43 | Create | Steppe Lancer |
| 20:43 | Create | Steppe Lancer |
| 20:56 | Create | Steppe Lancer |
| 21:19 | Build | Farm |
| 21:20 | Build | Farm |
| 21:22 | Build | Farm |
| 21:23 | Build | Farm |
| 21:25 | Build | Farm |
| 21:26 | Build | Farm |
| 21:28 | Build | Town Center |
| 21:33 | Research | Horse Collar |
| 21:50 | Build | Mill |
| 22:03 | Create | Steppe Lancer |
| 24:10 | Create | Steppe Lancer |
| 24:11 | Create | Steppe Lancer |
| 24:11 | Create | Steppe Lancer |
| 24:11 | Create | Steppe Lancer |
| 24:12 | Create | Steppe Lancer |
| 24:22 | Research | Wheelbarrow |
| 24:23 | Create | Villager (Male) |
| 24:23 | Create | Villager (Male) |
| 25:12 | Build | Mill |
| 25:25 | Create | Villager (Male) |
| 25:25 | Create | Villager (Male) |
| 25:26 | Create | Villager (Male) |
| 25:26 | Create | Villager (Male) |
| 25:34 | Research | Double-Bit Axe |
| 25:35 | Research | Double-Bit Axe |
| 26:02 | Create | Villager (Male) |
| 26:03 | Create | Villager (Male) |
| 26:59 | Create | Steppe Lancer |
| 27:00 | Create | Steppe Lancer |
| 27:00 | Create | Steppe Lancer |
| 27:01 | Create | Steppe Lancer |
| 27:08 | Create | Villager (Male) |
| 27:08 | Create | Villager (Male) |
| 27:08 | Create | Villager (Male) |
| 27:19 | Build | Siege Workshop |
| 27:34 | Create | Steppe Lancer |
| 27:34 | Create | Steppe Lancer |
| 27:43 | Create | Mangonel |
| 27:47 | Build | Mill |
| 27:54 | Build | House |
| 28:11 | Create | Steppe Lancer |
| 28:11 | Create | Steppe Lancer |
| 28:24 | Build | House |
| 28:25 | Build | House |
| 28:26 | Build | House |
| 28:55 | Create | Steppe Lancer |
| 28:56 | Create | Steppe Lancer |
| 29:47 | Create | Mangonel |
| 30:57 | Create | Steppe Lancer |
| 30:57 | Create | Steppe Lancer |
| 30:58 | Create | Steppe Lancer |
| 30:58 | Create | Steppe Lancer |
| 32:11 | Create | Steppe Lancer |
| 32:11 | Create | Steppe Lancer |
| 32:11 | Create | Steppe Lancer |
| 33:58 | Research | Hand Cart |
| 34:01 | Research | Bow Saw |
| 34:03 | Research | Heavy Plow |
| 34:12 | Build | Farm |
| 34:14 | Build | Farm |
| 34:15 | Build | Farm |
| 34:16 | Build | Farm |
| 34:17 | Build | Farm |
| 34:19 | Build | Farm |
| 34:20 | Build | Farm |
| 34:21 | Build | Town Center |
| 34:27 | Build | Mining Camp |
| 34:29 | Build | Lumber Camp |
| 34:36 | Create | Villager (Male) ×5 |
| 34:37 | Create | Villager (Male) ×5 |
| 35:04 | Create | Steppe Lancer |
| 35:04 | Create | Steppe Lancer |
| 35:04 | Create | Steppe Lancer |
| 35:51 | Create | Steppe Lancer |
| 35:51 | Create | Steppe Lancer |
| 36:45 | Build | Mining Camp |
| 36:47 | Research | Gold Mining |
| 37:09 | Build | Stable |
| 37:10 | Build | Stable |
| 38:17 | Build | Farm |
| 38:19 | Build | Farm |
| 38:24 | Create | Villager (Male) ×5 |
| 38:25 | Create | Villager (Male) ×5 |
| 38:37 | Build | Farm |
| 38:39 | Build | Farm |
| 38:40 | Build | Farm |
| 38:41 | Build | Farm |
| 38:43 | Build | Farm |
| 38:46 | Build | Farm |
| 38:48 | Build | Farm |
| 38:49 | Build | Mill |
| 38:57 | Build | House |
| 38:58 | Build | House |
| 38:59 | Build | House |
| 38:59 | Build | House |
| 39:01 | Build | House |
Build order — BIZONADE
First 150 of 249 actions detected
| 3:30 | Build | Town Center |
| 3:39 | Build | House |
| 3:42 | Build | House |
| 3:44 | Build | House |
| 4:36 | Build | Mill |
| 5:30 | Create | Villager (Male) |
| 5:31 | Create | Villager (Male) |
| 5:31 | Create | Villager (Male) |
| 5:31 | Create | Villager (Male) |
| 6:44 | Create | Villager (Male) |
| 7:12 | Create | Villager (Male) |
| 7:12 | Create | Villager (Male) |
| 7:14 | Research | Loom |
| 7:39 | Create | Villager (Male) |
| 8:00 | Create | Villager (Male) |
| 8:00 | Create | Villager (Male) |
| 8:31 | Create | Villager (Male) |
| 8:31 | Create | Villager (Male) |
| 8:56 | Create | Villager (Male) |
| 8:56 | Create | Villager (Male) |
| 9:49 | Create | Villager (Male) |
| 9:49 | Create | Villager (Male) |
| 9:50 | Create | Villager (Male) |
| 9:50 | Create | Villager (Male) |
| 9:50 | Create | Villager (Male) |
| 10:40 | Create | Villager (Male) |
| 11:16 | Build | Barracks |
| 11:24 | Create | Villager (Male) |
| 11:24 | Create | Villager (Male) |
| 11:24 | Create | Villager (Male) |
| 12:16 | Create | Militia |
| 12:46 | Build | House |
| 13:05 | Create | Militia |
| 14:34 | Research | Feudal Age |
| 15:42 | Build | Mill |
| 16:18 | Build | Mining Camp |
| 16:29 | Create | Villager (Male) |
| 16:29 | Create | Villager (Male) |
| 16:30 | Create | Villager (Male) |
| 16:44 | Age | Feudal Age |
| 17:17 | Build | Mill |
| 17:56 | Build | House |
| 17:59 | Build | House |
| 18:22 | Create | Villager (Male) |
| 18:23 | Create | Villager (Male) |
| 18:26 | Create | Villager (Male) |
| 19:27 | Create | Spearman |
| 19:27 | Create | Spearman |
| 19:28 | Create | Spearman |
| 20:01 | Create | Villager (Male) |
| 20:01 | Create | Villager (Male) |
| 20:53 | Research | Castle Age |
| 21:02 | Build | Mining Camp |
| 21:25 | Research | Stone Mining |
| 21:30 | Research | Horse Collar |
| 21:39 | Build | Lumber Camp |
| 23:07 | Create | Spearman |
| 23:07 | Create | Spearman |
| 23:23 | Research | Double-Bit Axe |
| 23:33 | Age | Castle Age |
| 23:37 | Create | Villager (Male) |
| 23:37 | Create | Villager (Male) |
| 23:38 | Create | Villager (Male) |
| 23:38 | Create | Villager (Male) |
| 23:38 | Create | Villager (Male) |
| 24:31 | Build | Siege Workshop |
| 24:41 | Create | Villager (Male) |
| 24:41 | Create | Villager (Male) |
| 24:41 | Create | Villager (Male) |
| 25:20 | Create | Mangonel |
| 25:20 | Create | Mangonel |
| 25:29 | Build | House |
| 25:31 | Build | House |
| 25:33 | Build | House |
| 25:34 | Build | House |
| 25:36 | Build | House |
| 26:12 | Build | Mill |
| 26:44 | Create | Villager (Male) ×5 |
| 26:44 | Create | Villager (Male) ×5 |
| 26:44 | Create | Villager (Male) ×5 |
| 27:53 | Build | Town Center |
| 28:28 | Research | Pikeman (upgrade) |
| 29:02 | Create | Spearman |
| 29:03 | Create | Spearman |
| 29:03 | Create | Spearman |
| 29:03 | Create | Spearman |
| 29:03 | Create | Spearman |
| 29:21 | Build | Castle |
| 29:44 | Build | Castle |
| 30:47 | Build | Mining Camp |
| 31:04 | Build | Farm |
| 31:05 | Build | Farm |
| 31:06 | Build | Farm |
| 31:40 | Build | Farm |
| 31:41 | Build | Farm |
| 33:13 | Build | Farm |
| 33:16 | Build | Farm |
| 33:21 | Create | Villager (Male) |
| 33:26 | Build | Farm |
| 33:30 | Build | Farm |
| 33:35 | Build | Farm |
| 33:42 | Build | Farm |
| 33:50 | Build | Farm |
| 33:54 | Build | Farm |
| 34:00 | Create | Villager (Male) ×2 |
| 34:38 | Create | Villager (Male) ×2 |
| 34:51 | Build | Farm |
| 34:51 | Build | Farm |
| 34:53 | Build | Farm |
| 34:57 | Create | Villager (Male) |
| 34:57 | Create | Villager (Male) |
| 35:54 | Create | Villager (Male) ×5 |
| 36:31 | Build | Town Center |
| 37:14 | Create | Villager (Male) ×5 |
| 37:14 | Create | Villager (Male) ×2 |
| 37:15 | Create | Villager (Male) |
| 37:15 | Create | Villager (Male) |
| 38:30 | Create | Villager (Male) ×5 |
| 38:31 | Create | Villager (Male) ×2 |
| 38:31 | Create | Villager (Male) ×2 |
| 39:44 | Create | Villager (Male) ×5 |
| 40:25 | Create | Villager (Male) ×5 |
| 40:26 | Create | Villager (Male) |
| 40:26 | Create | Villager (Male) |
| 41:01 | Build | Town Center |
| 41:53 | Build | Town Center |
| 42:13 | Create | Spearman |
| 42:13 | Create | Spearman |
| 42:14 | Create | Spearman |
| 42:14 | Create | Spearman |
| 42:17 | Create | Spearman |
| 42:17 | Create | Spearman |
| 42:24 | Create | Mangonel |
| 42:24 | Create | Mangonel |
| 42:36 | Create | Villager (Male) ×5 |
| 42:37 | Create | Villager (Male) ×4 |
| 42:37 | Create | Villager (Male) ×4 |
| 43:05 | Research | Gold Mining |
| 43:27 | Research | Bow Saw |
| 43:42 | Create | Villager (Male) |
| 43:52 | Build | Farm |
| 43:53 | Build | Farm |
| 43:54 | Build | Farm |
| 43:55 | Build | Farm |
| 43:55 | Build | Farm |
| 43:56 | Build | Farm |
| 43:58 | Build | Farm |
| 43:59 | Build | Farm |
| 43:59 | Build | Farm |
| 44:00 | Build | Farm |
Build order — WhiteKong420906
First 150 of 268 actions detected
| 0:04 | Build | Town Center |
| 1:48 | Build | House |
| 1:54 | Build | House |
| 1:55 | Build | House |
| 1:57 | Build | House |
| 2:27 | Create | Villager (Male) ×4 |
| 2:27 | Create | Villager (Male) |
| 2:28 | Research | Loom |
| 2:28 | Research | Loom |
| 3:18 | Build | Lumber Camp |
| 3:42 | Create | Villager (Male) |
| 4:13 | Create | Villager (Male) |
| 4:43 | Create | Villager (Male) |
| 5:08 | Create | Villager (Male) |
| 5:37 | Create | Villager (Male) |
| 5:50 | Create | Villager (Male) |
| 5:50 | Create | Villager (Male) |
| 6:16 | Build | Donjon |
| 7:14 | Create | Villager (Male) |
| 7:18 | Create | Villager (Male) ×2 |
| 7:31 | Build | House |
| 7:32 | Build | House |
| 7:34 | Build | House |
| 7:35 | Build | House |
| 7:41 | Build | Palisade Wall |
| 7:49 | Build | Palisade Wall |
| 7:59 | Create | Villager (Male) |
| 9:34 | Create | Villager (Male) |
| 9:34 | Create | Villager (Male) |
| 9:35 | Create | Villager (Male) |
| 9:35 | Create | Villager (Male) |
| 9:53 | Build | Lumber Camp |
| 10:06 | Build | Mill |
| 10:10 | Create | Villager (Male) |
| 10:10 | Create | Villager (Male) |
| 10:56 | Build | Mill |
| 11:48 | Create | Villager (Male) |
| 11:48 | Create | Villager (Male) |
| 11:58 | Build | Barracks |
| 12:01 | Build | House |
| 12:02 | Build | House |
| 12:04 | Build | House |
| 12:21 | Build | Palisade Gate |
| 12:26 | Build | Palisade Wall |
| 12:37 | Create | Villager (Male) |
| 12:38 | Create | Villager (Male) |
| 12:38 | Create | Villager (Male) |
| 13:38 | Research | Feudal Age |
| 14:16 | Build | Mining Camp |
| 15:14 | Create | Villager (Male) |
| 15:14 | Create | Villager (Male) |
| 15:14 | Create | Villager (Male) |
| 15:14 | Create | Villager (Male) |
| 15:54 | Build | Stable |
| 15:58 | Build | Blacksmith |
| 16:24 | Build | Mining Camp |
| 16:36 | Build | Mill |
| 16:47 | Research | Bloodlines |
| 16:47 | Create | Scout Cavalry |
| 16:48 | Create | Scout Cavalry |
| 16:56 | Build | Market |
| 17:03 | Build | Palisade Wall |
| 17:09 | Build | Palisade Wall |
| 17:20 | Research | Forging |
| 17:20 | Research | Scale Barding Armor |
| 17:32 | Build | Farm |
| 17:44 | Build | Farm |
| 17:44 | Build | Farm |
| 17:45 | Build | Farm |
| 18:04 | Build | Palisade Wall |
| 18:17 | Create | Scout Cavalry |
| 18:18 | Create | Scout Cavalry |
| 18:38 | Create | Serjeant |
| 18:39 | Create | Serjeant |
| 18:51 | Build | Donjon |
| 18:56 | Create | Villager (Male) |
| 18:56 | Create | Villager (Male) |
| 18:57 | Create | Villager (Male) |
| 19:35 | Create | Villager (Male) |
| 19:35 | Create | Villager (Male) |
| 19:47 | Create | Scout Cavalry |
| 20:08 | Build | Palisade Gate |
| 20:16 | Build | Palisade Wall |
| 20:20 | Research | Fletching |
| 20:30 | Create | Scout Cavalry |
| 20:44 | Create | Villager (Male) |
| 20:44 | Create | Villager (Male) |
| 20:44 | Create | Villager (Male) |
| 20:52 | Build | Farm |
| 20:56 | Research | Arson |
| 21:12 | Create | Villager (Male) |
| 21:12 | Create | Villager (Male) |
| 21:25 | Build | Lumber Camp |
| 21:56 | Build | Stable |
| 22:02 | Build | Stable |
| 22:06 | Build | House |
| 22:16 | Build | House |
| 22:18 | Build | House |
| 22:25 | Create | Villager (Male) |
| 22:25 | Create | Villager (Male) |
| 22:26 | Create | Villager (Male) |
| 23:23 | Build | Gate |
| 23:30 | Build | House |
| 23:31 | Build | House |
| 23:33 | Build | House |
| 23:47 | Build | House |
| 23:55 | Create | Villager (Male) |
| 23:55 | Create | Villager (Male) |
| 24:00 | Research | Castle Age |
| 24:38 | Build | Donjon |
| 24:54 | Build | Mill |
| 25:25 | Create | Villager (Male) |
| 25:25 | Create | Villager (Male) |
| 25:25 | Create | Villager (Male) |
| 25:25 | Create | Villager (Male) |
| 26:47 | Create | Knight ×4 |
| 26:47 | Create | Knight |
| 26:48 | Research | Light Cavalry (upgrade) |
| 26:49 | Create | Scout Cavalry ×8 |
| 27:06 | Build | Castle |
| 27:17 | Build | Town Center |
| 27:28 | Create | Villager (Male) |
| 27:28 | Create | Villager (Male) |
| 28:07 | Build | Town Center |
| 28:30 | Create | Villager (Male) |
| 28:30 | Create | Villager (Male) |
| 28:30 | Create | Villager (Male) |
| 28:47 | Research | Husbandry |
| 29:22 | Research | Iron Casting |
| 29:31 | Create | Villager (Male) |
| 29:31 | Create | Villager (Male) |
| 29:31 | Create | Villager (Male) |
| 30:16 | Build | Town Center |
| 30:52 | Create | Villager (Male) |
| 30:52 | Create | Villager (Male) |
| 30:52 | Create | Villager (Male) |
| 30:53 | Create | Villager (Male) |
| 31:00 | Build | Donjon |
| 31:08 | Build | Farm |
| 31:12 | Build | Farm |
| 31:14 | Create | Villager (Male) |
| 31:15 | Create | Villager (Male) |
| 31:15 | Create | Villager (Male) |
| 32:24 | Build | Farm |
| 32:24 | Build | Farm |
| 32:25 | Build | Farm |
| 32:25 | Build | Farm |
| 32:25 | Build | Farm |
| 32:36 | Build | Farm |
| 32:36 | Build | Farm |
Build order — cooperobryan45
134 actions detected in the replay
| 2:04 | Build | Town Center |
| 4:06 | Create | Villager (Male) |
| 4:07 | Create | Villager (Male) |
| 4:07 | Create | Villager (Male) |
| 4:07 | Create | Villager (Male) |
| 4:25 | Build | Mill |
| 5:10 | Build | House |
| 5:14 | Build | House |
| 6:36 | Create | Villager (Male) ×2 |
| 8:21 | Create | Villager (Male) ×4 |
| 9:04 | Create | Villager (Male) |
| 9:32 | Build | Mining Camp |
| 10:05 | Create | Villager (Male) |
| 10:06 | Create | Villager (Male) |
| 10:07 | Research | Loom |
| 10:21 | Create | Villager (Male) |
| 10:21 | Create | Villager (Male) |
| 10:46 | Build | House |
| 10:47 | Build | House |
| 11:49 | Build | Mining Camp |
| 12:30 | Create | Villager (Male) |
| 13:20 | Build | Farm |
| 13:21 | Build | Farm |
| 13:23 | Build | Farm |
| 13:24 | Build | Farm |
| 13:26 | Build | Farm |
| 13:27 | Build | Farm |
| 14:57 | Build | Farm |
| 14:58 | Build | Farm |
| 15:18 | Research | Feudal Age |
| 15:51 | Create | Villager (Male) |
| 16:12 | Create | Villager (Male) |
| 17:08 | Create | Villager (Male) |
| 17:08 | Create | Villager (Male) |
| 17:28 | Age | Feudal Age |
| 17:51 | Build | House |
| 17:59 | Build | Farm |
| 18:27 | Build | Palisade Wall |
| 19:08 | Create | Villager (Male) |
| 19:08 | Create | Villager (Male) |
| 19:16 | Build | Farm |
| 19:29 | Build | Farm |
| 19:37 | Build | Lumber Camp |
| 20:48 | Create | Villager (Male) |
| 20:48 | Create | Villager (Male) |
| 21:06 | Build | Palisade Wall |
| 21:50 | Create | Villager (Male) |
| 21:50 | Create | Villager (Male) |
| 22:04 | Build | Watch Tower |
| 22:28 | Build | Palisade Wall |
| 23:29 | Build | Watch Tower |
| 24:08 | Create | Villager (Male) |
| 24:09 | Create | Villager (Male) |
| 24:09 | Create | Villager (Male) |
| 24:09 | Create | Villager (Male) |
| 24:10 | Create | Villager (Male) |
| 24:12 | Create | Villager (Male) |
| 26:53 | Create | Villager (Male) |
| 26:54 | Create | Villager (Male) |
| 26:54 | Create | Villager (Male) |
| 27:00 | Create | Villager (Male) |
| 27:20 | Build | Farm |
| 27:58 | Build | Farm |
| 28:05 | Build | Farm |
| 28:22 | Build | Lumber Camp |
| 28:49 | Research | Wheelbarrow |
| 28:49 | Research | Wheelbarrow |
| 30:13 | Build | Mill |
| 32:50 | Build | Town Center |
| 34:30 | Create | Villager (Male) ×5 |
| 34:30 | Create | Villager (Male) ×5 |
| 34:30 | Create | Villager (Male) ×5 |
| 34:40 | Build | Farm |
| 34:41 | Build | Farm |
| 34:41 | Build | Farm |
| 34:42 | Build | Farm |
| 34:43 | Build | Farm |
| 34:44 | Build | Farm |
| 34:45 | Build | Farm |
| 36:06 | Build | Watch Tower |
| 36:21 | Build | Watch Tower |
| 37:08 | Build | Farm |
| 37:20 | Build | Farm |
| 37:42 | Build | Mining Camp |
| 39:05 | Build | House |
| 39:07 | Build | House |
| 39:09 | Build | House |
| 39:11 | Build | House |
| 40:50 | Build | House |
| 40:55 | Build | House |
| 41:06 | Build | House |
| 41:24 | Build | Blacksmith |
| 41:27 | Create | Villager (Male) ×5 |
| 41:52 | Build | Market |
| 42:37 | Create | Villager (Male) |
| 42:37 | Create | Villager (Male) |
| 43:14 | Build | Market |
| 43:50 | Build | Farm |
| 44:23 | Build | Farm |
| 44:33 | Build | Farm |
| 44:45 | Build | Farm |
| 44:48 | Research | Castle Age |
| 47:29 | Age | Castle Age |
| 48:09 | Build | Barracks |
| 48:15 | Build | House |
| 48:47 | Build | Lumber Camp |
| 49:27 | Build | House |
| 49:28 | Build | House |
| 49:30 | Build | House |
| 49:33 | Build | House |
| 50:18 | Research | Pikeman (upgrade) |
| 50:20 | Research | Squires |
| 50:20 | Research | Gambesons |
| 50:22 | Research | Arson |
| 50:23 | Research | Man-at-Arms (upgrade) |
| 51:03 | Create | Villager (Male) |
| 51:03 | Create | Villager (Male) |
| 51:03 | Create | Villager (Male) |
| 51:04 | Create | Villager (Male) |
| 51:04 | Create | Villager (Male) |
| 51:05 | Create | Villager (Male) |
| 51:06 | Create | Villager (Male) |
| 51:06 | Create | Villager (Male) |
| 51:58 | Create | Spearman |
| 51:58 | Create | Spearman |
| 51:59 | Create | Spearman |
| 51:59 | Create | Spearman |
| 51:59 | Create | Spearman |
| 51:59 | Create | Spearman |
| 52:00 | Create | Spearman |
| 52:00 | Create | Spearman |
| 52:00 | Create | Spearman |
| 52:01 | Create | Spearman |
| 52:36 | Build | Farm |
Build order — TheDukeofWrenches
First 150 of 335 actions detected
| 0:42 | Build | Town Center |
| 3:05 | Create | Villager (Male) |
| 3:05 | Create | Villager (Male) |
| 3:06 | Create | Villager (Male) |
| 3:06 | Create | Villager (Male) |
| 3:06 | Create | Villager (Male) |
| 3:12 | Build | House |
| 4:33 | Create | Villager (Male) |
| 4:33 | Create | Villager (Male) |
| 4:46 | Build | House |
| 5:08 | Create | Villager (Male) |
| 5:30 | Research | Loom |
| 5:30 | Create | Villager (Male) |
| 5:30 | Create | Villager (Male) |
| 6:22 | Build | Lumber Camp |
| 6:31 | Create | Villager (Male) |
| 6:31 | Create | Villager (Male) |
| 6:31 | Create | Villager (Male) |
| 6:33 | Create | Villager (Male) |
| 6:33 | Create | Villager (Male) |
| 7:18 | Create | Villager (Male) |
| 7:19 | Create | Villager (Male) |
| 7:34 | Create | Villager (Male) |
| 7:35 | Create | Villager (Male) |
| 8:30 | Create | Villager (Male) |
| 8:43 | Build | House |
| 9:10 | Build | House |
| 9:28 | Build | House |
| 9:37 | Build | House |
| 9:39 | Create | Villager (Male) |
| 10:19 | Build | Mill |
| 10:31 | Build | Palisade Wall |
| 10:36 | Build | Palisade Wall |
| 11:14 | Build | Palisade Gate |
| 11:17 | Research | Feudal Age |
| 13:27 | Age | Feudal Age |
| 13:38 | Build | Barracks |
| 14:17 | Build | Mining Camp |
| 14:27 | Create | Villager (Male) |
| 14:27 | Create | Villager (Male) |
| 14:27 | Create | Villager (Male) |
| 14:31 | Research | Double-Bit Axe |
| 15:00 | Create | Villager (Male) |
| 15:05 | Create | Spearman |
| 15:05 | Create | Spearman |
| 15:56 | Build | Stable |
| 16:10 | Create | Villager (Male) |
| 16:10 | Create | Villager (Male) |
| 16:23 | Research | Horse Collar |
| 16:34 | Create | Scout Cavalry |
| 16:34 | Create | Scout Cavalry |
| 17:27 | Create | Scout Cavalry |
| 17:54 | Create | Villager (Male) |
| 17:54 | Create | Villager (Male) |
| 17:55 | Create | Villager (Male) |
| 18:04 | Build | Mill |
| 18:30 | Build | Blacksmith |
| 18:33 | Create | Villager (Male) |
| 18:34 | Create | Villager (Male) |
| 18:48 | Create | Scout Cavalry |
| 18:49 | Create | Scout Cavalry |
| 19:07 | Create | Villager (Male) |
| 19:07 | Create | Villager (Male) |
| 19:16 | Build | Mill |
| 20:10 | Build | House |
| 20:20 | Research | Wheelbarrow |
| 20:26 | Research | Scale Barding Armor |
| 20:34 | Create | Villager (Male) |
| 20:42 | Build | House |
| 20:43 | Build | House |
| 21:27 | Create | Villager (Male) |
| 22:50 | Create | Villager (Male) |
| 22:51 | Create | Villager (Male) |
| 23:18 | Build | Watch Tower |
| 23:44 | Build | Market |
| 23:51 | Build | Mill |
| 24:02 | Research | Castle Age |
| 24:02 | Research | Castle Age |
| 25:25 | Build | Mining Camp |
| 25:45 | Build | Mining Camp |
| 26:42 | Age | Castle Age |
| 26:51 | Create | Villager (Male) |
| 26:51 | Create | Villager (Male) |
| 26:51 | Create | Villager (Male) |
| 27:49 | Build | Town Center |
| 27:55 | Build | Town Center |
| 27:58 | Create | Villager (Male) |
| 27:58 | Create | Villager (Male) |
| 29:17 | Research | Heavy Plow |
| 29:20 | Research | Stone Mining |
| 29:20 | Research | Gold Mining |
| 29:22 | Create | Villager (Male) |
| 29:22 | Create | Villager (Male) |
| 29:23 | Create | Villager (Male) |
| 29:23 | Create | Villager (Male) |
| 29:23 | Create | Villager (Male) |
| 29:23 | Create | Villager (Male) |
| 29:27 | Build | Farm |
| 29:27 | Build | Farm |
| 29:27 | Build | Farm |
| 29:27 | Build | Farm |
| 29:27 | Build | Farm |
| 29:28 | Build | Farm |
| 29:35 | Build | Farm |
| 29:36 | Build | Farm |
| 29:36 | Build | Farm |
| 29:36 | Build | Farm |
| 29:36 | Build | Farm |
| 29:49 | Build | Mill |
| 30:53 | Create | Villager (Male) |
| 30:54 | Create | Villager (Male) |
| 30:54 | Create | Villager (Male) |
| 31:25 | Build | Castle |
| 31:31 | Research | Hand Cart |
| 31:32 | Create | Villager (Male) |
| 31:41 | Research | Hand Cart |
| 31:55 | Create | Villager (Male) |
| 31:55 | Create | Villager (Male) |
| 31:55 | Create | Villager (Male) |
| 31:55 | Create | Villager (Male) |
| 31:56 | Create | Villager (Male) |
| 32:49 | Build | Monastery |
| 33:16 | Build | Lumber Camp |
| 33:30 | Build | Stable |
| 33:32 | Create | Monk |
| 33:33 | Create | Monk |
| 33:35 | Create | Villager (Male) |
| 33:35 | Create | Villager (Male) |
| 33:35 | Create | Villager (Male) |
| 33:36 | Create | Villager (Male) |
| 33:37 | Create | Villager (Male) |
| 33:37 | Create | Villager (Male) |
| 33:38 | Create | Villager (Male) |
| 33:39 | Create | Villager (Male) |
| 33:39 | Create | Villager (Male) |
| 33:39 | Create | Villager (Male) |
| 33:39 | Create | Villager (Male) |
| 34:00 | Build | University |
| 34:17 | Create | Villager (Male) |
| 34:18 | Create | Villager (Male) |
| 34:24 | Research | Bloodlines |
| 34:25 | Create | Knight ×5 |
| 34:28 | Create | Villager (Male) |
| 34:29 | Create | Villager (Male) |
| 34:36 | Create | Teutonic Knight |
| 34:49 | Research | Masonry |
| 34:55 | Build | House |
| 34:58 | Build | House |
| 35:00 | Build | House |
| 35:02 | Build | House |
Build order — KKony
First 150 of 389 actions detected
| 1:28 | Build | Town Center |
| 3:10 | Create | Villager (Male) |
| 3:10 | Create | Villager (Male) |
| 3:10 | Create | Villager (Male) |
| 3:11 | Create | Villager (Male) |
| 3:55 | Build | House |
| 4:14 | Research | Loom |
| 4:39 | Create | Villager (Male) |
| 5:20 | Create | Villager (Male) |
| 5:32 | Create | Villager (Male) |
| 5:53 | Create | Villager (Male) |
| 6:15 | Create | Villager (Male) |
| 6:41 | Create | Villager (Male) |
| 6:43 | Build | House |
| 7:01 | Build | House |
| 7:44 | Create | Villager (Male) |
| 8:00 | Build | Lumber Camp |
| 8:09 | Build | Lumber Camp |
| 8:30 | Create | Villager (Male) |
| 8:53 | Create | Villager (Male) |
| 9:11 | Create | Villager (Male) |
| 9:29 | Build | Mill |
| 9:51 | Create | Villager (Male) |
| 9:56 | Build | Mining Camp |
| 10:12 | Build | Mill |
| 10:16 | Create | Villager (Male) |
| 10:39 | Create | Villager (Male) |
| 11:08 | Create | Villager (Male) |
| 11:23 | Build | House |
| 11:35 | Create | Villager (Male) |
| 11:49 | Create | Villager (Male) |
| 12:25 | Create | Villager (Male) |
| 12:34 | Build | Mining Camp |
| 12:59 | Create | Villager (Male) |
| 13:06 | Create | Villager (Male) |
| 13:23 | Build | House |
| 13:39 | Build | Farm |
| 13:47 | Research | Feudal Age |
| 13:55 | Build | Mining Camp |
| 14:06 | Build | Farm |
| 14:07 | Build | Farm |
| 14:07 | Build | Farm |
| 14:08 | Build | Farm |
| 15:16 | Build | Farm |
| 15:16 | Build | Farm |
| 15:17 | Build | Farm |
| 15:17 | Build | Farm |
| 15:25 | Build | Farm |
| 15:26 | Build | Farm |
| 15:26 | Build | Farm |
| 15:35 | Build | Farm |
| 15:37 | Build | Farm |
| 15:44 | Build | Mill |
| 15:59 | Age | Feudal Age |
| 16:06 | Build | Market |
| 16:14 | Create | Villager (Male) |
| 16:14 | Create | Villager (Male) |
| 16:33 | Build | Mill |
| 16:41 | Build | Farm |
| 16:45 | Create | Villager (Male) |
| 17:08 | Create | Villager (Male) |
| 17:27 | Create | Villager (Male) |
| 17:57 | Build | Barracks |
| 18:01 | Create | Villager (Male) |
| 18:20 | Build | Farm |
| 18:23 | Build | House |
| 18:48 | Create | Villager (Male) |
| 19:02 | Build | Watch Tower |
| 19:12 | Create | Spearman |
| 19:12 | Create | Spearman |
| 19:25 | Build | Blacksmith |
| 19:49 | Create | Spearman |
| 19:50 | Research | Castle Age |
| 20:17 | Build | House |
| 20:18 | Build | House |
| 20:19 | Build | House |
| 20:22 | Build | House |
| 20:31 | Build | Farm |
| 20:53 | Research | Double-Bit Axe |
| 21:06 | Research | Horse Collar |
| 21:08 | Create | Villager (Male) |
| 21:25 | Create | Spearman |
| 22:23 | Create | Spearman |
| 22:23 | Create | Spearman |
| 22:30 | Age | Castle Age |
| 22:49 | Build | Town Center |
| 23:13 | Build | Watch Tower |
| 23:15 | Create | Villager (Male) |
| 23:16 | Create | Villager (Male) |
| 23:35 | Research | Pikeman (upgrade) |
| 23:36 | Create | Spearman |
| 23:36 | Create | Spearman |
| 23:46 | Research | Scale Mail Armor |
| 23:51 | Create | Villager (Male) |
| 23:52 | Create | Villager (Male) |
| 24:19 | Research | Fletching |
| 24:48 | Research | Forging |
| 25:11 | Create | Villager (Male) |
| 25:12 | Create | Villager (Male) |
| 25:16 | Build | Farm |
| 25:16 | Build | Farm |
| 25:16 | Build | Farm |
| 25:17 | Build | Farm |
| 25:25 | Create | Villager (Male) |
| 25:33 | Build | Town Center |
| 25:43 | Create | Spearman |
| 26:01 | Create | Villager (Male) |
| 26:01 | Create | Villager (Male) |
| 26:05 | Build | Farm |
| 26:05 | Build | Farm |
| 26:06 | Build | Farm |
| 26:32 | Build | Farm |
| 26:33 | Create | Villager (Male) |
| 26:34 | Create | Villager (Male) |
| 26:56 | Create | Villager (Male) |
| 26:59 | Build | Farm |
| 27:00 | Build | Farm |
| 27:00 | Build | Farm |
| 27:08 | Create | Villager (Male) |
| 27:08 | Create | Villager (Male) |
| 27:20 | Create | Villager (Male) |
| 27:20 | Create | Villager (Male) |
| 27:21 | Create | Villager (Male) |
| 27:21 | Create | Villager (Male) |
| 27:38 | Research | Town Watch |
| 27:55 | Build | Farm |
| 27:55 | Build | Farm |
| 27:58 | Build | Farm |
| 27:58 | Build | Farm |
| 28:00 | Create | Villager (Male) |
| 28:08 | Create | Spearman |
| 28:26 | Create | Villager (Male) |
| 28:27 | Create | Villager (Male) |
| 28:27 | Create | Villager (Male) |
| 28:32 | Build | Farm |
| 28:47 | Create | Villager (Male) |
| 28:47 | Create | Villager (Male) |
| 28:51 | Build | Farm |
| 28:53 | Create | Villager (Male) |
| 28:59 | Create | Villager (Male) |
| 28:59 | Create | Villager (Male) |
| 29:05 | Create | Villager (Male) |
| 29:49 | Build | Castle |
| 29:58 | Create | Villager (Male) |
| 29:58 | Create | Villager (Male) |
| 29:58 | Create | Villager (Male) |
| 29:58 | Create | Villager (Male) |
| 29:59 | Create | Villager (Male) |
| 29:59 | Create | Villager (Male) |
| 30:26 | Research | Bodkin Arrow |
Build order — jonasbmas
First 150 of 388 actions detected
| 0:55 | Build | Town Center |
| 3:05 | Research | Loom |
| 4:10 | Create | Villager (Male) |
| 4:22 | Create | Villager (Male) |
| 4:47 | Create | Villager (Male) |
| 5:13 | Create | Villager (Male) |
| 5:30 | Build | Mill |
| 5:36 | Create | Villager (Male) |
| 5:48 | Create | Villager (Male) |
| 6:23 | Build | House |
| 6:29 | Build | House |
| 6:36 | Build | House |
| 7:07 | Create | Villager (Male) |
| 7:07 | Create | Villager (Male) |
| 7:09 | Create | Villager (Male) |
| 7:22 | Build | House |
| 7:50 | Build | House |
| 7:54 | Create | Villager (Male) |
| 8:07 | Create | Villager (Male) |
| 8:07 | Create | Villager (Male) |
| 8:07 | Create | Villager (Male) |
| 9:04 | Build | Mill |
| 9:10 | Create | Villager (Male) |
| 9:10 | Create | Villager (Male) |
| 9:11 | Create | Villager (Male) |
| 9:38 | Create | Villager (Male) |
| 10:13 | Create | Villager (Male) |
| 10:40 | Create | Villager (Male) |
| 10:44 | Create | Villager (Male) |
| 11:28 | Create | Villager (Male) |
| 11:28 | Create | Villager (Male) |
| 11:51 | Build | Barracks |
| 11:55 | Build | House |
| 11:57 | Build | House |
| 12:00 | Build | House |
| 12:18 | Create | Villager (Male) |
| 12:19 | Create | Villager (Male) |
| 12:36 | Build | Farm |
| 13:02 | Build | Farm |
| 13:28 | Build | Farm |
| 13:40 | Research | Feudal Age |
| 15:27 | Build | Barracks |
| 15:44 | Create | Villager (Male) |
| 15:51 | Research | Town Watch |
| 15:56 | Research | Wheelbarrow |
| 16:14 | Build | Stable |
| 16:24 | Build | Mining Camp |
| 16:42 | Build | Mill |
| 17:03 | Create | Villager (Male) |
| 17:07 | Create | Villager (Male) |
| 17:11 | Create | Scout Cavalry |
| 17:38 | Research | Gold Mining |
| 18:15 | Create | Villager (Male) |
| 18:52 | Create | Villager (Male) |
| 19:20 | Create | Spearman |
| 19:20 | Create | Spearman |
| 19:23 | Create | Spearman |
| 19:57 | Build | Blacksmith |
| 20:02 | Create | Villager (Male) |
| 20:02 | Create | Villager (Male) |
| 20:15 | Create | Spearman |
| 20:15 | Create | Spearman |
| 20:20 | Create | Scout Cavalry |
| 20:46 | Research | Castle Age |
| 21:29 | Research | Bloodlines |
| 21:30 | Create | Scout Cavalry |
| 22:19 | Research | Scale Barding Armor |
| 22:23 | Research | Stone Mining |
| 22:38 | Create | Spearman |
| 22:39 | Create | Spearman |
| 22:39 | Create | Spearman |
| 22:54 | Build | Farm |
| 22:55 | Build | Farm |
| 22:58 | Build | Farm |
| 22:59 | Build | Farm |
| 23:01 | Build | Farm |
| 23:02 | Build | Farm |
| 23:05 | Build | Farm |
| 23:06 | Build | Farm |
| 23:09 | Build | Farm |
| 23:14 | Create | Spearman |
| 23:16 | Create | Scout Cavalry |
| 23:16 | Create | Scout Cavalry |
| 23:47 | Create | Villager (Male) |
| 23:47 | Create | Villager (Male) |
| 23:55 | Build | Lumber Camp |
| 24:04 | Create | Villager (Male) |
| 24:46 | Build | Town Center |
| 25:13 | Research | Double-Bit Axe |
| 25:20 | Build | House |
| 25:22 | Build | House |
| 25:23 | Build | House |
| 25:24 | Build | House |
| 25:25 | Build | House |
| 25:34 | Research | Hand Cart |
| 25:43 | Research | Pikeman (upgrade) |
| 26:50 | Create | Villager (Male) |
| 26:50 | Create | Villager (Male) |
| 26:51 | Create | Villager (Male) |
| 26:51 | Create | Villager (Male) |
| 26:51 | Create | Villager (Male) |
| 26:52 | Create | Villager (Male) |
| 27:13 | Create | Villager (Male) |
| 27:27 | Create | Villager (Male) |
| 27:28 | Create | Villager (Male) |
| 27:28 | Create | Villager (Male) |
| 27:33 | Build | Town Center |
| 27:37 | Create | Villager (Male) |
| 27:37 | Create | Villager (Male) |
| 27:37 | Create | Villager (Male) |
| 27:40 | Create | Villager (Male) |
| 28:00 | Research | Bow Saw |
| 29:07 | Create | Villager (Male) |
| 29:07 | Create | Villager (Male) |
| 29:07 | Create | Villager (Male) |
| 29:08 | Create | Villager (Male) |
| 29:15 | Create | Villager (Male) |
| 29:30 | Research | Husbandry |
| 29:39 | Build | Farm |
| 29:40 | Build | Farm |
| 29:41 | Build | Farm |
| 30:03 | Create | Villager (Male) |
| 30:03 | Create | Villager (Male) |
| 30:15 | Build | Farm |
| 30:16 | Build | Farm |
| 30:18 | Build | Farm |
| 30:23 | Create | Villager (Male) |
| 30:23 | Create | Villager (Male) |
| 30:23 | Create | Villager (Male) |
| 30:30 | Build | Siege Workshop |
| 30:45 | Research | Squires |
| 30:45 | Create | Spearman |
| 30:46 | Create | Spearman |
| 30:46 | Create | Spearman |
| 31:05 | Create | Battering Ram |
| 31:05 | Create | Battering Ram |
| 31:11 | Build | Barracks |
| 31:12 | Build | Barracks |
| 31:13 | Build | Barracks |
| 31:38 | Create | Knight |
| 31:38 | Create | Knight |
| 31:45 | Build | Farm |
| 31:52 | Create | Villager (Male) |
| 31:52 | Create | Villager (Male) |
| 31:53 | Create | Villager (Male) |
| 31:53 | Create | Villager (Male) |
| 32:02 | Create | Spearman |
| 32:02 | Create | Spearman |
| 32:02 | Create | Spearman |
| 32:09 | Create | Battering Ram |
Build order — fjk
First 150 of 342 actions detected
| 0:50 | Build | Town Center |
| 2:57 | Build | House |
| 3:12 | Create | Villager (Male) |
| 3:12 | Create | Villager (Male) |
| 3:12 | Create | Villager (Male) |
| 3:12 | Create | Villager (Male) |
| 3:13 | Create | Villager (Male) |
| 4:15 | Build | Settlement |
| 4:41 | Create | Villager (Male) |
| 4:41 | Create | Villager (Male) |
| 4:42 | Create | Villager (Male) |
| 5:09 | Create | Villager (Male) |
| 5:09 | Create | Villager (Male) |
| 5:30 | Create | Villager (Male) |
| 6:01 | Create | Villager (Male) |
| 6:02 | Create | Villager (Male) |
| 6:02 | Create | Villager (Male) |
| 6:02 | Create | Villager (Male) |
| 6:26 | Create | Villager (Male) |
| 6:26 | Create | Villager (Male) |
| 6:50 | Create | Villager (Male) |
| 6:50 | Create | Villager (Male) |
| 7:18 | Create | Villager (Male) |
| 7:35 | Create | Villager (Male) |
| 8:26 | Create | Villager (Male) |
| 8:26 | Create | Villager (Male) |
| 8:27 | Create | Villager (Male) |
| 8:27 | Create | Villager (Male) |
| 8:27 | Create | Villager (Male) |
| 9:31 | Build | Barracks |
| 10:31 | Research | Feudal Age |
| 12:24 | Create | Unit 2550 |
| 12:41 | Age | Feudal Age |
| 12:43 | Research | Wheelbarrow |
| 12:49 | Research | Double-Bit Axe |
| 13:13 | Build | Settlement |
| 13:31 | Build | Settlement |
| 13:40 | Create | Villager (Male) |
| 14:17 | Create | Villager (Male) |
| 14:17 | Create | Villager (Male) |
| 14:37 | Build | Dock |
| 14:55 | Research | Horse Collar |
| 15:08 | Build | Settlement |
| 15:14 | Create | Villager (Male) |
| 15:14 | Create | Villager (Male) |
| 15:23 | Build | Farm |
| 15:25 | Build | Farm |
| 15:28 | Build | Farm |
| 15:30 | Build | Farm |
| 15:32 | Build | Farm |
| 15:36 | Create | Villager (Male) |
| 15:36 | Create | Villager (Male) |
| 16:21 | Build | Farm |
| 16:22 | Build | Farm |
| 16:23 | Build | Farm |
| 16:25 | Build | Farm |
| 16:29 | Build | Farm |
| 16:33 | Create | Fishing Ship |
| 16:33 | Create | Fishing Ship |
| 16:47 | Create | Villager (Male) |
| 16:47 | Create | Villager (Male) |
| 17:28 | Build | Fish Trap |
| 17:49 | Build | Blacksmith |
| 17:54 | Create | Villager (Male) |
| 17:54 | Create | Villager (Male) |
| 17:54 | Create | Villager (Male) |
| 18:12 | Build | Farm |
| 18:24 | Build | Farm |
| 18:29 | Create | Villager (Male) |
| 18:44 | Build | Fish Trap |
| 18:48 | Create | Fishing Ship |
| 18:55 | Build | Farm |
| 19:19 | Build | Archery Range |
| 19:29 | Create | Villager (Male) |
| 19:29 | Create | Villager (Male) |
| 19:40 | Build | Farm |
| 19:54 | Build | Fish Trap |
| 20:09 | Create | Villager (Male) |
| 20:09 | Create | Villager (Male) |
| 20:24 | Research | Castle Age |
| 20:50 | Build | Settlement |
| 20:56 | Research | Stone Mining |
| 21:45 | Build | Market |
| 22:22 | Build | Settlement |
| 22:37 | Research | Gold Mining |
| 22:59 | Research | Tech 906 |
| 23:54 | Age | Castle Age |
| 23:56 | Research | Hand Cart |
| 24:29 | Build | Castle |
| 24:42 | Build | Settlement |
| 24:48 | Research | Bow Saw |
| 24:50 | Create | Villager (Male) |
| 24:51 | Create | Villager (Male) |
| 24:51 | Create | Villager (Male) |
| 25:45 | Create | Villager (Male) |
| 25:45 | Create | Villager (Male) |
| 25:45 | Create | Villager (Male) |
| 25:50 | Research | Heavy Plow |
| 26:26 | Build | Settlement |
| 26:35 | Create | Villager (Male) |
| 26:36 | Create | Villager (Male) |
| 26:36 | Create | Villager (Male) |
| 26:36 | Create | Villager (Male) |
| 26:36 | Create | Villager (Male) |
| 27:59 | Build | Town Center |
| 28:07 | Create | Villager (Male) |
| 28:07 | Create | Villager (Male) |
| 28:13 | Research | Gold Shaft Mining |
| 28:32 | Research | Stone Shaft Mining |
| 28:42 | Create | Villager (Male) |
| 28:43 | Create | Villager (Male) |
| 28:43 | Create | Villager (Male) |
| 29:08 | Research | Scale Mail Armor |
| 29:09 | Research | Forging |
| 29:14 | Research | Gillnets |
| 29:28 | Create | Villager (Male) |
| 29:28 | Create | Villager (Male) |
| 29:28 | Create | Villager (Male) |
| 29:28 | Create | Villager (Male) |
| 29:28 | Create | Villager (Male) |
| 29:29 | Create | Villager (Male) |
| 29:29 | Create | Villager (Male) |
| 29:48 | Research | Padded Archer Armor |
| 30:14 | Create | Trade Cart |
| 30:14 | Create | Trade Cart |
| 30:14 | Create | Trade Cart |
| 31:09 | Build | University |
| 31:16 | Research | Loom |
| 31:18 | Create | Villager (Male) |
| 31:18 | Create | Villager (Male) |
| 31:18 | Create | Villager (Male) |
| 31:18 | Create | Villager (Male) |
| 31:35 | Research | Town Watch |
| 31:54 | Research | Imperial Age |
| 32:07 | Create | Villager (Male) |
| 32:07 | Create | Villager (Male) |
| 32:07 | Create | Villager (Male) |
| 32:11 | Create | Villager (Male) |
| 32:11 | Create | Villager (Male) |
| 32:12 | Create | Villager (Male) |
| 32:22 | Research | Treadmill Crane |
| 32:43 | Build | Castle |
| 32:59 | Build | Castle |
| 33:36 | Create | Villager (Male) |
| 33:36 | Create | Villager (Male) |
| 33:36 | Create | Villager (Male) |
| 33:36 | Create | Villager (Male) |
| 33:38 | Research | Chain Mail Armor |
| 33:39 | Research | Iron Casting |
| 33:40 | Research | Fletching |
Match timeline
| 6:16 | WhiteKong420906 · first_building Donjon |
| 7:41 | WhiteKong420906 · wall_segment Palisade Wall x8 |
| 7:49 | WhiteKong420906 · wall_segment Palisade Wall x7 |
| 9:31 | fjk · first_building Barracks |
| 10:31 | TheDukeofWrenches · wall_segment Palisade Wall x5 |
| 10:36 | TheDukeofWrenches · wall_segment Palisade Wall x4 |
| 11:16 | BIZONADE · first_building Barracks |
| 11:51 | jonasbmas · first_building Barracks |
| 11:58 | WhiteKong420906 · first_building Barracks |
| 12:26 | WhiteKong420906 · wall_segment Palisade Wall x5 |
| 12:41 | fjk · age_up feudal |
| 13:18 | Shaci · first_building Barracks |
| 13:27 | TheDukeofWrenches · age_up feudal |
| 13:38 | TheDukeofWrenches · first_building Barracks |
| 14:37 | fjk · first_building Dock |
| 14:57 | Shaci · age_up feudal |
| 15:15 | Shaci · first_building Stable |
| 15:54 | WhiteKong420906 · first_building Stable |
| 15:56 | TheDukeofWrenches · first_building Stable |
| 15:59 | KKony · age_up feudal |
| 16:14 | jonasbmas · first_building Stable |
| 16:44 | BIZONADE · age_up feudal |
| 17:03 | WhiteKong420906 · wall_segment Palisade Wall x4 |
| 17:09 | WhiteKong420906 · wall_segment Palisade Wall x10 |
| 17:28 | cooperobryan45 · age_up feudal |
| 17:57 | KKony · first_building Barracks |
| 18:04 | WhiteKong420906 · wall_segment Palisade Wall x3 |
| 18:27 | cooperobryan45 · wall_segment Palisade Wall x9 |
| 18:34 | WhiteKong420906 · first_market_buy 100 food |
| 19:19 | fjk · first_building Archery Range |
| 20:16 | WhiteKong420906 · wall_segment Palisade Wall x20 |
| 20:40 | Shaci · age_up castle |
| 21:06 | cooperobryan45 · wall_segment Palisade Wall x13 |
| 22:28 | cooperobryan45 · wall_segment Palisade Wall x7 |
| 22:30 | KKony · age_up castle |
| 23:33 | BIZONADE · age_up castle |
| 23:54 | fjk · age_up castle |
| 24:29 | fjk · first_building Castle |
| 24:31 | BIZONADE · first_building Siege Workshop |
| 26:42 | TheDukeofWrenches · age_up castle |
| 27:06 | WhiteKong420906 · first_building Castle |
| 27:19 | Shaci · first_building Siege Workshop |
| 27:20 | KKony · first_market_buy 100 food |
| 27:52 | WhiteKong420906 · first_market_sell 100 food |
| 29:21 | BIZONADE · first_building Castle |
| 29:49 | KKony · first_building Castle |
| 30:21 | KKony · first_market_sell 100 wood |
| 30:30 | jonasbmas · first_building Siege Workshop |
| 31:25 | TheDukeofWrenches · first_building Castle |
| 32:34 | jonasbmas · first_building Castle |
| 32:49 | TheDukeofWrenches · first_building Monastery |
| 34:06 | fjk · first_building Monastery |
| 34:39 | KKony · first_building Siege Workshop |
| 35:31 | fjk · age_up imperial |
| 36:05 | TheDukeofWrenches · wall_segment Stone Wall x11 |
| 40:08 | fjk · first_building Siege Workshop |
| 42:43 | TheDukeofWrenches · first_market_sell 500 food |
| 43:33 | TheDukeofWrenches · first_building Siege Workshop |
| 44:13 | KKony · age_up imperial |
| 45:55 | TheDukeofWrenches · age_up imperial |
| 46:33 | Shaci · first_building Monastery |
| 47:29 | cooperobryan45 · age_up castle |
| 48:09 | cooperobryan45 · first_building Barracks |
| 49:23 | BIZONADE · age_up imperial |
| 51:35 | Shaci · age_up imperial |
| 52:26 | BIZONADE · first_building Stable |
| 54:21 | jonasbmas · resign |
[ AI ANALYSIS · 1 CREDIT ]
What really happened in this match?
Wolo.gg analyzes every decision: build order, eco, micro, common mistakes by bracket. Personalized analysis on WhatsApp or Discord in 30 seconds.
Civ guide
Mongols
Map guide
African Clearing
Perfil
Shaci